 Dungeon Crawl Stone Soup version 0.29.1-2-gbd0b4ee654 (webtiles) character file.

Game seed: 13775476231965780873

131 Hadkhar the Shield-Bearer (level 5, 43/43 HPs)
             Began as a Formicid Fighter on Nov 6, 2022.
             Quit the game on level 3 of the Dungeon.
             The game lasted 00:09:32 (2354 turns).

Hadkhar the Shield-Bearer (Formicid Fighter)        Turns: 2354, Time: 00:09:32

Health: 43/43      AC: 12    Str: 23    XL:     5   Next: 37%
Magic:  5/5        EV:  6    Int:  7    God:
Gold:   99         SH:  5    Dex: 13    Spells: 4/4 levels left

rFire   . . .      SeeInvis +   h - +0 glaive
rCold   . . .      Faith    .   c - +0 buckler
rNeg    . . .      Spirit   .   f - +0 plate armour
rPois   +          Reflect  .   (helmet unavailable)
rElec   .          Harm     .   (no cloak)
rCorr   .          Rampage  .   (no gloves)
Will    .....                   j - +0 pair of boots
Stlth   ..........              (no amulet)
HPRegen 0.14/turn               n - ring of poison resistance
MPRegen 0.09/turn               (no ring)

@: no status effects
A: permanent stasis, dig shafts and tunnels, antennae 3, four strong arms
a: Dig, Shaft Self


You were on level 3 of the Dungeon.
You visited 1 branch of the dungeon, and saw 3 of its levels.

You collected 99 gold pieces.

Inventory:

Hand Weapons
 a - a +0 war axe
 h - a +0 glaive (weapon)
Armour
 b - a +0 scale mail
 c - a +0 buckler (worn)
 f - a +0 plate armour (worn)
 j - a +0 pair of boots (worn)
Jewellery
 n - a ring of poison resistance (left hand)
Wands
 m - a wand of polymorph (7)
Scrolls
 e - 3 scrolls of noise {unknown}
 g - 2 scrolls of identify {unknown}
 o - a scroll of poison {unknown}
Potions
 d - a potion of might
 i - a potion of flight {unknown}
 k - 2 potions of curing {unknown}
 l - a potion of heal wounds {unknown}
 p - a potion of haste {unknown}


   Skills:
 * Level 4.7 Fighting
 - Level 2.3(2.5) Axes
 + Level 1.2(2.0) Polearms
 + Level 4.0 Armour
 + Level 4.9 Shields


You had 4 spell levels left.
You didn't know any spells.
Your spell library was empty.

Dungeon Overview and Level Annotations

Branches:
Dungeon (3/15)

Altars:

Shops:
D:2 [


Innate Abilities, Weirdness & Mutations

You cannot be hasted, slowed, berserked, paralysed or teleported.
You can dig through walls and to a lower floor.
You have a pair of large antennae on your head. (SInv)
Your four strong arms can wield two-handed weapons with a shield.


Message History

k - 2 yellow potions (gained 1)
p - a golden potion You now have 79 gold pieces (gained 17).
Found 9 gold pieces.
Found a ring mail.
Found 4 gold pieces.
You now have 88 gold pieces (gained 9).
You now have 92 gold pieces (gained 4).
Found a stone staircase leading up.
Found 7 stones.
You see here a +0 ring mail.
You enter a teleport trap!
The teleport trap disappears.
A goblin comes into view.
It is wielding a +2 dagger of electrocution.
The goblin shouts!
The goblin hits you but does no damage.
You hit the goblin.
You kill the goblin!
You see here a +2 dagger of electrocution.
Found 7 gold pieces.
You now have 99 gold pieces (gained 7).
Things that are here:
a +0 club; a kobold skeleton
Found 3 stones.
You start waiting.
Done waiting.
Found a stone staircase leading down.
Things that are here:
2 stones; a +0 dagger
There is a stone staircase leading down here.
Found 7 stones.
You see here 7 stones.
There is a stone staircase leading down here.
Done exploring.
You see here a +0 club.
There is a stone staircase leading down, spattered with blood here.
Things that are here:
a +0 robe; a +0 dagger You climb downwards.
There is a stone staircase leading up here.
Are you sure you want to abandon this character and quit the game? (Confirm with "yes".)

.#. #.. # #.# .#
.< #. ##.##.#..#
####.###...#.#..#
................#
#...........###
#@.รท......[.
##......##
##..#.## ##.# #
#.# #.# #.## #..#
##.#


There were no monsters in sight!

Vanquished Creatures
  Jessica (D:2)
  5 adders (D:2)
  2 dart slugs (D:1)
  3 ball pythons
  6 endoplasms
  4 giant cockroaches (D:1)
  3 goblins
  3 hobgoblins
  2 quokkas (D:1)
  7 bats
  3 frilled lizards
  7 kobolds
  10 rats
56 creatures vanquished.

Vanquished Creatures (others)
  2 fungi (D:1)
2 creatures vanquished.

Grand Total: 58 creatures vanquished

Notes
Turn   | Place    | Note
-------+----------+-------------------------------------------
     0 | D:1      | Hadkhar the Formicid Fighter began the quest for the Orb.
     0 | D:1      | Reached XP level 1. HP: 18/18 MP: 1/1
   242 | D:1      | Reached XP level 2. HP: 23/24 MP: 2/2
   423 | D:1      | Reached XP level 3. HP: 25/30 MP: 3/3
   796 | D:1      | Found a faded altar of an unknown god.
  1243 | D:2      | Reached XP level 4. HP: 37/37 MP: 4/4
  1437 | D:2      | You fall into a shaft and drop 1 floor!
  1540 | D:2      | Noticed Jessica
  1549 | D:2      | Killed Jessica
  1550 | D:2      | Reached skill level 1 in Polearms
  1550 | D:2      | Reached XP level 5. HP: 43/43 MP: 5/5
  1701 | D:2      | Found Dexusexi's Antique Armour Shop.
  2354 | D:3      | Quit the game

Illustrated notes

Levels and vault maps discovered:
D:1:      dpeg_arrival_prison, layout_loops_cross, basic_ecumenical_altar,
          minmay_heptomino_d4
D:2:      layout_loops_ring, serial_shops, shop, uniq_jessica
D:3:      layout_loops_ring

Skill      XL: |  1  2  3  4  5 |
---------------+----------------+-----
Fighting       | 4 |  4.7
Polearms       | 1 |  1.2
Armour         | 4 |  4.0
Axes           | |  2.3
Shields        | |  4.9

Action                   |  1- 3 |  4- 6 || total
-------------------------+-------+-------++-------
Melee: War axe           |    57 |       ||    57
       Glaive            |    34 |    72 ||   106
       Unarmed           |       |     7 ||     7
Armor: Scale mail        |     6 |       ||     6
       Plate armour      |    67 |    69 ||   136
       Skin              |       |     5 ||     5
Dodge: Dodged            |    35 |    49 ||    84
Block: Buckler           |    29 |    35 ||    64
